 Dungeon Crawl Stone Soup version 0.31-a0-523-g071a6c1ffa (webtiles) character file.

Game seed: 14996806874552765547

716 AdnanSaban the Cudgeller (level 7, -7/44 HPs)
             Began as a Gargoyle Fighter on Aug 11, 2023.
             Killed by divine providence
             ... invoked by an orc priest
              (13 damage)
             ... on level 5 of the Dungeon.
             The game lasted 00:04:12 (3667 turns).

AdnanSaban the Cudgeller (Gargoyle Fighter)         Turns: 3667, Time: 00:04:12

Health: -7/44      AC: 17    Str: 22    XL:     7   Next: 69%
Magic:  7/7        EV:  8    Int:  8    God:
Gold:   137        SH:  4    Dex:  9    Spells: 6/6 levels left

rFire   . . .        a - +0 flail
rCold   . . .        c - +0 buckler
rNeg    + . .        m - +3 chain mail
rPois   ∞            (no helmet)
rElec   +            (no cloak)
rCorr   .            (no gloves)
SInv    .            (no boots)
Will    .....        (no amulet) Stlth
                     (no ring)
HPRegen 0.27/turn    (no ring)
MPRegen 0.10/turn

%: no passive effects
@: no status effects
A: sickness immunity, AC +4, negative energy resistance 1, electricity
resistance, torment resistance 1, petrification resistance
a: no special abilities


You were on level 5 of the Dungeon.
You visited 1 branch of the dungeon, and saw 6 of its levels.

You collected 137 gold pieces.

Inventory:

Hand Weapons
 a - a +0 flail (weapon)
Missiles
 b - 3 javelins
 e - 8 poisoned darts
 j - 11 boomerangs
 u - 6 curare-tipped darts
Armour
 c - a +0 buckler (worn)
 m - a +3 chain mail (worn)
Scrolls
 f - a scroll of enchant armour {unknown}
 n - 3 scrolls of identify {unknown}
 o - a scroll of revelation {unknown}
 p - 3 scrolls of blinking {unknown}
 t - a scroll of fear {unknown}
 v - a scroll of teleportation {unknown}
 w - 2 scrolls of amnesia {unknown}
 x - a scroll of poison {unknown}
 y - a scroll of fog {unknown}
Potions
 d - 2 potions of might
 g - a potion of curing {unknown}
 h - a potion of enlightenment {unknown}
 i - a potion of lignification {unknown}
 k - a potion of magic {unknown}
 l - a potion of attraction {unknown}
 q - a potion of cancellation {unknown}
 r - a potion of degeneration {unknown}
 s - a potion of mutation {unknown}
 z - a potion of heal wounds {unknown}


   Skills:
 + Level 4.6 Fighting
 + Level 6.0 Maces & Flails
 + Level 5.0 Armour
 + Level 1.4 Dodging
 + Level 0.1 Stealth
 + Level 4.6 Shields


You had 6 spell levels left.
You didn't know any spells.
Your spell library was empty.

Dungeon Overview and Level Annotations

Branches:
Dungeon (6/15)
 Temple: D:4-7

Altars:
Zin

Shops:
D:2 *(***


Innate Abilities, Weirdness & Mutations

You are immune to sickness and miasma.
Your stone body is resilient. (AC +4)
You are immune to poison.
You resist negative energy. (rN+)
You are resistant to electric shocks. (rElec)
You are resistant to unholy torment.
You are immune to petrification.


Message History

The orc priest mumbles some strange prayers to Beogh against you.
Beogh smites you!
You hit the orc but do no damage.
The orc priest miscasts a cantrip.
The orc barely misses you.
You hit the orc.
The orc is severely wounded.
The orc hits you but does no damage. x2; Something hits you but does no damage.
You completely miss the orc.
The orc is severely wounded.
You block something's attack. The orc hits you with a +0 club.
You hit the orc.
You kill the orc!
The orc wizard hits you but does no damage.
The orc hits you but does no damage.
You hear some strange, mumbled words.
A magic dart appears from out of thin air!
The magic dart hits you. Something hits you.
The orc wizard attacks as you move away!
The orc wizard hits you but does no damage.
Something hits you but does no damage.
The orc priest attacks as you move away!
You block the orc priest's attack.
The orc priest attacks as you move away!
The orc priest completely misses you.
The orc priest attacks as you move away!
The orc priest hits you but does no damage.
The orc priest attacks as you move away!
The orc priest hits you with a +0 executioner's axe!
The orc priest mumbles some strange prayers to Beogh against you.
Beogh smites you!
* * * LOW HITPOINT WARNING * * *
The orc wizard casts a spell.
The orc wizard flickers and vanishes!
There is a stone staircase leading down here.
There is a stone staircase leading up here.
The orc priest calls down the wrath of Beogh upon you.
Beogh smites you!
You die...

##.........##
##...........# ...
##.........##.##...
#........#.(......
##)##.....#....... #
#...............#
#.#...............#
..................###..
..##....o....o>@.......
#...(...####..........#
##....o..##...........#
.....#...##............
.........#.............
.####..............#...
...............#...
##..............# ..
#.....#..


You could see an orc priest and an orc.

Vanquished Creatures
  An ice beast (D:6)
  3 scorpions
  An orc priest (D:3)
  2 hounds (D:6)
  A sleepcap (D:4)
  3 iguanas
  3 orc wizards
  4 gnolls
  7 adders
  2 worms (D:3)
  A dart slug (D:1)
  5 orcs
  5 endoplasms
  4 giant cockroaches
  7 goblins
  8 hobgoblins
  2 jackals (D:1)
  4 quokkas
  8 ball pythons
  5 bats
  2 frilled lizards (D:3)
  5 kobolds
  7 rats
90 creatures vanquished.

Notes
Turn   | Place    | Note
-------+----------+-------------------------------------------
     0 | D:1      | AdnanSaban the Gargoyle Fighter began the quest for the
                  | Orb.
     0 | D:1      | Reached XP level 1. HP: 14/14 MP: 1/1
   117 | D:1      | Reached XP level 2. HP: 19/19 MP: 2/2
   745 | D:2      | Found Japronwa's Assorted Antiques.
   748 | D:2      | Reached XP level 3. HP: 22/23 MP: 3/3
   873 | D:2      | Found Uridiow's Assorted Antiques.
   906 | D:2      | Found Jasch's Assorted Antiques.
   931 | D:2      | Found Zebreob's Antique Weapon Boutique.
  1073 | D:2      | Reached XP level 4. HP: 29/29 MP: 4/4
  1089 | D:2      | Found a faded altar of an unknown god.
  1204 | D:2      | Found Iwicefy's Assorted Antiques.
  1291 | D:3      | Reached skill level 3 in Maces & Flails
  1435 | D:3      | Reached XP level 5. HP: 20/33 MP: 5/5
  1809 | D:3      | You fall into a shaft and drop 3 floors!
  1836 | D:6      | Noticed an ice beast
  1861 | D:6      | Killed an ice beast
  1862 | D:6      | Reached skill level 4 in Maces & Flails
  1862 | D:6      | Reached XP level 6. HP: 17/38 MP: 6/6
  2083 | D:6      | Reached skill level 5 in Maces & Flails
  2106 | D:5      | Entered Level 5 of the Dungeon
  2743 | D:4      | Reached XP level 7. HP: 44/44 MP: 7/7
  3094 | D:4      | Found a glowing silver altar of Zin.
  3285 | D:4      | Reached skill level 1 in Dodging
  3505 | D:5      | Reached skill level 6 in Maces & Flails
  3505 | D:5      | Reached skill level 5 in Armour
  3667 | D:5      | Killed from afar by an orc priest

Illustrated notes

Levels and vault maps discovered:
D:1:      heliophobic_arrival_glass_houses, layout_basic, supply_closet_lemuel
D:2:      layout_rooms, hellmonk_ecumenical_altar_lost_god, serial_shops,
          nicolae_shop_peninsula, shop, nicolae_shop_scrapyard,
          nicolae_shop_temple_entry_statues_fountains, shop,
          serial_bayou_crossing
D:3:      layout_loops_ring
D:4:      nicolae_cairo_tiling, layout_cave_pools, zin_scriptorium,
          nicolae_overflow_hidden_temple
D:5:      layout_cave_pools
D:6:      layout_layer_cave, mainiacjoe_overflow_alcove_1,
          uniq_crazy_yiuf_cottage, uniq_blork_the_orc

Skill      XL: |  1  2  3  4  5  6  7 |
---------------+----------------------+-----
Maces & Flails | 3 4 5 6 |  6.0
Armour         | 4 5 |  5.0
Shields        | 4 |  4.6
Fighting       | 4 |  4.6
Dodging        | 1 |  1.4
Stealth        | |  0.1

Action                     |  1- 3 |  4- 6 |  7- 9 || total
---------------------------+-------+-------+-------++-------
  Melee: Flail             |   106 |   142 |    78 ||   326
 Armour: Scale mail        |    35 |       |       ||    35
         Chain mail        |    49 |    73 |    60 ||   182
  Dodge: Dodged            |    49 |    53 |    36 ||   138
  Block: Buckler           |    27 |    26 |    17 ||    70

Table legend: (Time is in decaauts)
 A = Elapsed time spent in this place.
 B = Non-inter-level travel time spent in this place.
 C = Inter-level travel time spent in this place.
 D = Time resting spent in this place.
 E = Time spent auto-exploring this place.
 F = Levels seen in this place.
 G = Mean time per level.
                   A        B        C        D        E       F      G
               +--------+--------+--------+--------+--------+-----+--------+
         Total |   3752 |   3633 |    119 |    142 |   2679 |   6 |  625.3 |
       Dungeon |   3752 |   3633 |    119 |    142 |   2679 |   6 |  625.3 |
               +--------+--------+--------+--------+--------+-----+--------+

Top non-repeatable levels by time:
     D:3: 1001 daAuts
     D:4: 876 daAuts
     D:1: 764 daAuts
     D:2: 558 daAuts
     D:6: 302 daAuts
     D:5: 248 daAuts
